 Dungeon Crawl Stone Soup version 0.22.1-6-g1668fe2c40 (webtiles) character file.

63301 Toogi the Fighter (level 15, -11/165 HPs)
             Began as an Ogre Transmuter on Jan 18, 2019.
             Was the Champion of Ru.
             Mangled by an alligator (24 damage)
             ... on level 1 of the Swamp.
             The game lasted 01:09:02 (29589 turns).

Toogi the Fighter (Ogre Transmuter)                Turns: 29589, Time: 01:09:02

Health: -11/165    AC: 11    Str: 19    XL:     15   Next: 9%
Magic:  30/30      EV: 12    Int: 18    God:    Ru [******]
Gold:   1726       SH:  0    Dex:  9    Spells: 25/36 levels left

rFire    . . .     SeeInvis +     - Unarmed
rCold    . . .     Gourm    .   (shield unavailable)
rNeg     . . .     Faith    .   O - +0 swamp dragon scales
rPois    +         Spirit   .   (helmet restricted)
rElec    .         Reflect  .   y - +2 cloak
rCorr    .         Harm     .   (gloves unavailable)
MR       +....                  (boots unavailable)
Stlth    ..........             H - amulet of regeneration
HPRegen  0.77/turn              (ring unavailable)
MPRegen  0.22/turn              B - ring of see invisible

@: drained
A: large, unfitting armour, tough skin 1, missing a hand, no stealth, hated by
all, inexperienced 1
a: Draw Out Power, Power Leap, Apocalypse, Renounce Religion


You were on level 1 of the Swamp.
You worshipped Ru.
Ru was exalted by your worship.
You were not hungry.

You visited 6 branches of the dungeon, and saw 23 of its levels.
You also visited: Labyrinth and Sewer.

You collected 1726 gold pieces.

Inventory:

Missiles
 k - 5 javelins of returning (quivered)
 q - 15 poisoned javelins
Armour
 y - a +2 cloak (worn)
 G - a +2 robe of the Archmagi
 I - a +2 robe of magic resistance
 O - +0 swamp dragon scales (worn)
Magical Staves
 a - an uncursed staff of air
 F - an uncursed staff of earth
Jewellery
 c - an uncursed ring of poison resistance
 i - an uncursed ring of protection from fire
 r - an uncursed ring of protection from fire
 s - an uncursed ring of protection from cold
 w - an uncursed amulet of guardian spirit {unknown}
 B - a ring of see invisible (right hand)
 H - an amulet of regeneration (around neck)
 N - an uncursed ring of ice
Wands
 n - a wand of random effects (16)
 t - a wand of polymorph (12)
 v - a wand of flame (28)
 z - a wand of disintegration (3)
 K - a wand of paralysis (17)
Scrolls
 b - 8 scrolls of remove curse
 l - 5 scrolls of immolation
 o - 2 scrolls of fog
 p - 9 scrolls of teleportation
 u - a scroll of silence
 x - 7 scrolls of amnesia
 L - a scroll of enchant armour
Potions
 e - a potion of might {unknown}
 f - a potion of berserk rage {unknown}
 g - a potion of flight
 h - 5 potions of curing
 j - a potion of brilliance
 m - a potion of magic {unknown}
 A - a potion of haste
 C - 3 potions of mutation
 D - a potion of ambrosia {unknown}
 E - a potion of agility
Miscellaneous
 J - a lamp of fire
 M - a phantom mirror
Comestibles
 d - 39 rations
 P - a chunk of flesh


   Skills:
 + Level 14.9(14.2) Fighting
 + Level 1.3(0.8) Armour
 - Level 10.6(10.0) Dodging
 + Level 11.3(10.7) Unarmed Combat
 + Level 11.3(10.7) Spellcasting
 - Level 10.0(9.3) Transmutations
 - Level 2.0(1.5) Poison Magic
 - Level 7.1(6.5) Evocations


You had 25 spell levels left.
You knew the following spells:

 Your Spells              Type           Power        Failure   Level  Hunger
a - Beastly Appendage     Tmut           #####.       1%          1    None
b - Sticks to Snakes      Tmut           #####...     1%          2    None
c - Spider Form           Tmut/Pois      ####......   4%          3    None
d - Blade Hands           Tmut           #####.....   8%          5    #####..

Your spell library contained the following spells:

 Spells                   Type           Power        Failure   Level  Hunger
 Magic Dart               Conj           #...         13%         1    None
 Sandblast                Erth           #.....       13%         1    None
 Searing Ray              Conj           #.....       19%         2    None
 Ice Form                 Ice/Tmut       ####....     19%         4    ##.....
 Dazzling Spray           Conj/Hex       #.....       36%         3    None
 Force Lance              Conj/Tloc      #.......     77%         4    ##.....
 Fulminant Prism          Conj/Hex       #.........   77%         4    ##.....
 Iskenderun's Mystic Bla  Conj           #.......     77%         4    ##.....
 Summon Small Mammal      Summ           Unusable     N/A         1    N/A
 Call Imp                 Summ           Unusable     N/A         2    N/A
 Summon Guardian Golem    Hex/Summ       Unusable     N/A         3    N/A
 Summon Demon             Summ           Unusable     N/A         5    N/A
 Summon Hydra             Summ           Unusable     N/A         7    N/A

Dungeon Overview and Level Annotations

Branches:
Dungeon (12/15)            Temple (1/1) D:4            Lair (6/6) D:9
  Swamp (1/4) Lair:3        Snake (1/4) Lair:2        Slime (0/5) Lair:5
    Orc (2/2) D:9
    Elf: Orc:2

Altars:
Ashenzari
Cheibriados
Dithmenos
Elyvilon
Fedhas
Gozag
Hepliaklqana
Kikubaaqudgha
Makhleb
Nemelex Xobeh
Okawaru
Qazlal
Ru
Sif Muna
Trog
Uskayaw
Vehumet
Wu Jian
Xom
Yredelemnul
Zin
The Shining One
Jiyva

Annotations:
D:3 2 transporters
Lair:5 1 runed door


Innate Abilities, Weirdness & Mutations

You are too large for most types of armour.
You have tough skin. (AC +1)
You are missing a hand.
You cannot be stealthy.
You are hated by all.
You are somewhat inexperienced. (-2 XL)


Message History

* * * LOW HITPOINT WARNING * * *
The alligator closely misses you.
Casting: Blade Hands (safe; 8% risk of failure)
Confirm with . or Enter, or press ? or * to list all spells.
Okay, then.
Evoke which item? (* to show all) (? for menu, Esc to quit)
Aiming: Disintegrate
Press: ? - help, Shift-Dir - straight line, f - alligator
Aim: an alligator (severely wounded, covering ground quickly, chance to defeat The alligator struggles to resist.
The alligator bites you but does no damage.
The alligator tail-slaps you but does no damage.
Evoke which item? (* to show all) (? for menu, Esc to quit)
Okay, then.
Evoke which item? (* to show all) (? for menu, Esc to quit)
Aiming: Disintegrate
Press: ? - help, Shift-Dir - straight line, f/p - alligator
Aim: an alligator (severely wounded, covering ground quickly, chance to defeat The alligator struggles to resist.
The alligator bites you!!
You die...

≈♣ ♣≈♣ .. ♣.♣♣ ♣.≈
...♣♣♣... ♣)≈.≈..≈.
♣♣.≈≈≈≈≈≈♣ ♣ ♣..≈≈≈≈≈.≈
♣. ♣♣@≈≈≈.≈≈♣ ≈≈≈≈ ♣.♣
♣≈.t≈.≈.♣≈ ≈≈♣≈≈
♣≈≈♣♣♣≈≈.≈♣≈..$. ..♣.
♣.§....≈.≈≈≈≈≈≈. ♣...
♣.≈≈≈≈.♣.≈≈≈♣≈≈. ♣..≈
♣♣.§≈≈≈.§≈≈≈≈≈≈ . ♣♣...
♣≈..≈...≈.≈≈♣≈≈≈≈ ♣..≈≈ .
♣≈..≈≈≈.≈........ ♣...>
♣§≈.≈♣♣♣♣.≈≈≈≈..≈≈≈♣..♣♣.
♣...≈


You could see an alligator.

Vanquished Creatures
  Frances (D:12)
  Kirke (Lair:6)
  Nessos (Lair:4)
  A minotaur (Lab)
  Snorg (Orc:1)
  A fire dragon (Lair:6)
  Josephine (D:10)
  Fannar (Orc:1)
  3 hydras
  An anaconda (Lair:2)
  2 centaur warriors
  A catoblepas (Lair:4)
  4 two-headed ogres
  A death yak (Lair:4)
  Sonja (Lair:4)
  2 alligators (Swamp:1)
  4 skeletal warriors (D:11)
  A naga ritualist (Lair:2)
  Pikel (D:5)
  2 swamp dragons
  2 ugly things (D:11)
  A wolf spider (Lair:6)
  13 elephants
  A guardian serpent (Lair:6)
  9 black mambas
  Joseph (D:8)
  Psyche (D:11)
  21 spiny frogs
  A torpor snail (Lair:5)
  5 komodo dragons
  5 rime drakes
  A troll (Orc:1)
  2 slime creatures
  2 bog bodies (Swamp:1)
  Prince Ribbit (D:5)
  4 hornets
  6 blink frogs
  7 dream sheep (Lair:5)
  Grinder (D:4)
  14 hippogriffs
  11 wyverns
  2 shadows
  3 hogs (Lair:6)
  Grum (D:8)
  2 humans (Lair:6)
  30 yaks
  4 wraiths
  2 basilisks
  4 hungry ghosts
  2 steam dragons
  5 vampire mosquitoes
  An acid dragon (Lair:6)
  A warg (Orc:1)
  19 water moccasins
  A swamp worm (Swamp:1)
  4 porcupines
  Duvessa (D:4)
  A slave (D:5)
  4 swamp drakes
  2 ice beasts (D:9)
  9 ogres
  9 orc warriors
  2 eyes of draining
  2 wolves (D:8)
  5 centaurs
  A phantom (D:9)
  17 crocodiles
  A big kobold (D:8)
  19 bullfrogs
  A water moccasin zombie (D:7)
  A wyvern skeleton (D:12)
  3 scorpions
  Dowan (D:4)
  A water moccasin skeleton (D:8)
  3 howler monkeys
  A bullfrog zombie (D:12)
  4 crimson imps
  Crazy Yiuf (D:2)
  5 hounds
  8 jellies
  4 bullfrog skeletons
  8 orc priests
  A centaur skeleton (D:2)
  Terence (D:2)
  Jessica (D:2)
  7 iguanas
  5 orc wizards
  Natasha (thrice) (D:2)
  Ijyb (D:4)
  4 worker ants
  A hound zombie (D:5)
  A hound skeleton (D:5)
  2 howler monkey zombies (D:7)
  5 gnolls
  18 adders
  A river rat (D:6)
  3 shadow imps
  14 oozes
  6 worms
  2 dart slugs
  6 leopard geckos
  35 orcs
  5 ball pythons (Sewer)
  7 giant cockroaches
  2 goblins
  6 hobgoblins
  10 jackals
  6 kobolds
  2 quokkas
  7 bats
  17 frilled lizards
  A jackal zombie (D:8)
  A quokka skeleton (D:8)
  13 rats
  6 fungi
  A plant (Lair:1)
536 creatures vanquished.

Vanquished Creatures (collateral kills)
  Menkaure (D:5)
  A bullfrog skeleton (D:6)
  2 gnolls (D:2)
  A rat (D:2)
5 creatures vanquished.

Vanquished Creatures (others)
  A guardian serpent (Lair:2)
  A troll (D:7)
  A water moccasin (Lair:4)
  An orc (Orc:1)
  A quokka (D:5)
  18 fungi
  27 plants
50 creatures vanquished.

Grand Total: 591 creatures vanquished

Notes
Turn   | Place    | Note
-------+----------+-------------------------------------------
     0 | D:1      | Toogi the Ogre Transmuter began the quest for the Orb.
     0 | D:1      | Reached XP level 1. HP: 19/19 MP: 3/3
   281 | D:1      | Reached XP level 2. HP: 28/28 MP: 5/5
   289 | D:1      | Learned a level 2 spell: Sticks to Snakes
   313 | D:1      | Reached skill level 2 in Fighting
   560 | D:1      | Found a shattered altar of Ashenzari.
  1354 | D:2      | Reached XP level 3. HP: 20/36 MP: 3/6
  1807 | D:2      | Noticed an ogre
  1937 | D:2      | Noticed Natasha
  1948 | D:2      | Reached skill level 3 in Fighting
  1948 | D:2      | Reached XP level 4. HP: 14/45 MP: 5/7
  1967 | D:2      | Killed Natasha
  2105 | D:2      | Noticed Natasha
  2189 | D:2      | Noticed Terence
  2208 | D:2      | Killed Terence
  2208 | D:2      | Reached XP level 5. HP: 47/54 MP: 1/8
  2223 | D:2      | Killed Natasha
  2571 | D:2      | Learned a level 3 spell: Spider Form
  2587 | D:2      | Noticed Jessica
  2605 | D:2      | Killed Jessica
  2605 | D:2      | Reached skill level 4 in Fighting
  2685 | D:2      | Killed an ogre
  2685 | D:2      | Reached skill level 1 in Poison Magic
  2685 | D:2      | Reached XP level 6. HP: 63/63 MP: 5/9
  2996 | D:2      | Noticed Natasha
  3002 | D:2      | Killed Natasha
  3396 | D:2      | Found a runed door.
  3401 | D:2      | Noticed Crazy Yiuf
  3410 | D:2      | Killed Crazy Yiuf
  3806 | D:3      | Found a transporter.
  3837 | D:3      | Found a transporter.
  3873 | D:3      | Found a glowing golden altar of the Shining One.
  4020 | D:3      | Found an opulent altar of Gozag.
  4166 | D:3      | Found a deep blue altar of Sif Muna.
  4543 | D:4      | Reached XP level 7. HP: 71/71 MP: 6/10
  4569 | D:4      | Noticed Dowan
  4580 | D:4      | Reached skill level 5 in Fighting
  4917 | D:4      | Found a snail-covered altar of Cheibriados.
  4924 | D:4      | Found a staircase to the Ecumenical Temple.
  4933 | Temple   | Entered the Ecumenical Temple
  4938 | Temple   | Became a worshipper of Ru the Awakened
  5016 | D:4      | Found a stormy altar of Qazlal.
  5196 | D:4      | Killed Dowan
  5252 | D:4      | Noticed Duvessa
  5304 | D:4      | Killed Duvessa
  5515 | D:4      | Noticed Grinder
  5526 | D:4      | Killed Grinder
  5526 | D:4      | Reached skill level 6 in Fighting
  5526 | D:4      | Reached skill level 5 in Unarmed Combat
  5526 | D:4      | Reached XP level 8. HP: 49/83 MP: 9/13
  5966 | D:4      | Noticed Ijyb
  5975 | D:4      | Killed Ijyb
  6057 | D:5      | Entered Level 5 of the Dungeon
  6126 | D:5      | Noticed Prince Ribbit
  6139 | D:5      | Killed Prince Ribbit
  6517 | D:5      | Reached skill level 5 in Transmutations
  6815 | D:5      | Noticed Menkaure
  6829 | D:5      | Killed Menkaure
  7161 | D:5      | Noticed Pikel
  7182 | D:5      | Killed Pikel
  7182 | D:5      | Reached skill level 7 in Fighting
  7182 | D:5      | Reached skill level 5 in Spellcasting
  7182 | D:5      | Reached XP level 9. HP: 73/93 MP: 13/16
  7827 | D:6      | Gained mutation: You are somewhat inexperienced. (-2 XL)
                  | [Ru sacrifice]
  7827 | D:6      | Reached XP level 8. HP: 81/87 MP: 15/15
  7827 | D:6      | Reached XP level 7. HP: 78/78 MP: 14/14
  7827 | D:6      | Reached * piety under Ru
  7827 | D:6      | Reached ** piety under Ru
  7846 | D:6      | Found a glowing drain.
  7857 | Sewer    | Entered a sewer
  8087 | Sewer    | Got a clouded granite ring
  8411 | D:6      | Found a radiant altar of Vehumet.
  8887 | D:6      | Reached XP level 8. HP: 79/88 MP: 12/16
  9184 | D:6      | Noticed a slime creature
  9204 | D:6      | Killed a slime creature
  9204 | D:6      | Reached skill level 8 in Fighting
  9703 | D:6      | Reached skill level 5 in Dodging
  9902 | D:6      | Identified the ring of Deoloy Jazxu {*Corrode AC+1 Str+8}
                  | (You found it in a sewer)
 10024 | D:7      | Found an ancient bone altar of Kikubaaqudgha.
 10051 | D:7      | Noticed a troll
 10056 | D:7      | Killed a troll
 10407 | D:7      | Reached XP level 9. HP: 92/97 MP: 12/18
 10533 | D:7      | Gained mutation: You are missing a hand. [Ru sacrifice]
 10533 | D:7      | Reached *** piety under Ru
 10533 | D:7      | Reached **** piety under Ru
 10533 | D:7      | Reached ***** piety under Ru
 10693 | D:7      | Found a hazy altar of Hepliaklqana.
 10783 | D:7      | Found a white marble altar of Elyvilon.
 10930 | D:7      | Learned a level 5 spell: Blade Hands
 11339 | D:8      | Reached skill level 9 in Fighting
 11467 | D:8      | Noticed Grum
 11491 | D:8      | Killed Grum
 11532 | D:8      | Noticed a two-headed ogre
 11540 | D:8      | Killed a two-headed ogre
 11540 | D:8      | Reached XP level 10. HP: 85/107 MP: 16/20
 11686 | D:8      | Found a bloodstained altar of Trog.
 11962 | D:8      | Noticed Joseph
 11975 | D:8      | Killed Joseph
 12288 | D:9      | Noticed a two-headed ogre
 12299 | D:9      | Killed a two-headed ogre
 12315 | D:9      | Found a staircase to the Orcish Mines.
 12574 | D:9      | Reached skill level 10 in Fighting
 12772 | D:9      | Found a burning altar of Makhleb.
 12772 | D:9      | Noticed a blizzard demon
 12964 | D:9      | Gained mutation: You are hated by all. [Ru sacrifice]
 13057 | D:9      | Found an ornate altar of the Wu Jian Council.
 13097 | D:9      | Noticed a centaur warrior
 13108 | D:9      | Killed a centaur warrior
 13265 | D:9      | Found a staircase to the Lair.
 13462 | Orc:1    | Entered Level 1 of the Orcish Mines
 13505 | Orc:1    | Noticed Fannar
 13556 | D:10     | Entered Level 10 of the Dungeon
 13578 | D:10     | Reached XP level 11. HP: 116/119 MP: 21/23
 13683 | D:10     | Noticed a centaur warrior
 13696 | D:10     | Killed a centaur warrior
 13773 | D:10     | Noticed Josephine
 13969 | D:10     | Killed Josephine
 15015 | D:11     | Noticed a skeletal warrior
 15102 | Lair:1   | Entered Level 1 of the Lair of Beasts
 15265 | Lair:1   | Reached skill level 11 in Fighting
 15289 | Lair:1   | Gained mutation: You cannot be stealthy. [Ru sacrifice]
 15289 | Lair:1   | Reached ****** piety under Ru
 15397 | Lair:1   | Reached skill level 1 in Evocations
 16479 | Lair:2   | Found a staircase to the Snake Pit.
 16782 | Lair:2   | Reached XP level 12. HP: 110/130 MP: 18/24
 16879 | Lair:2   | Noticed a five-headed hydra
 17593 | Lair:3   | Found a labyrinth entrance.
 17602 | Lab      | Entered a labyrinth
 17772 | Lab      | Noticed a minotaur
 17787 | Lab      | Killed a minotaur
 17840 | Lab      | Identified Jaukhlam's Tome of the Creative Mountains
 18303 | Lair:3   | Found a staircase to the Swamp.
 18794 | Lair:4   | Found an iron altar of Okawaru.
 18937 | Lair:4   | Noticed Sonja
 18944 | Lair:4   | Noticed Nessos
 18945 | Lair:4   | Killed Sonja
 19309 | Lair:3   | Reached skill level 12 in Fighting
 19530 | Lair:4   | Noticed a catoblepas
 19633 | Lair:4   | Noticed a death yak
 19642 | Lair:4   | Killed a catoblepas
 19648 | Lair:4   | Killed a death yak
 19722 | Lair:4   | Killed Nessos
 20487 | Lair:4   | Noticed a five-headed hydra
 20500 | Lair:4   | Killed a five-headed hydra
 20500 | Lair:4   | Reached XP level 13. HP: 53/141 MP: 26/26
 21237 | Lair:5   | Reached skill level 10 in Spellcasting
 21756 | Lair:5   | Found a runed door.
 21756 | Lair:5   | Found a viscous altar of Jiyva.
 21757 | Lair:5   | Found a staircase to the Slime Pits.
 21757 | Lair:5   | Noticed an acid blob
 21757 | Lair:5   | Noticed an acid blob
 22323 | Lair:5   | Reached skill level 13 in Fighting
 22325 | Lair:5   | Reached skill level 5 in Evocations
 22621 | Lair:6   | Entered Level 6 of the Lair of Beasts
 22706 | Lair:6   | Reached skill level 10 in Unarmed Combat
 23684 | Lair:6   | Reached skill level 10 in Transmutations
 23856 | Lair:6   | Noticed Kirke
 23867 | Lair:6   | Killed Kirke
 23872 | Lair:6   | Reached XP level 14. HP: 118/153 MP: 24/28
 24615 | Lair:6   | Reached skill level 10 in Dodging
 24717 | Lair:6   | Reached skill level 14 in Fighting
 25869 | D:11     | Noticed Psyche
 25876 | D:11     | Killed Psyche
 27324 | D:12     | Noticed Frances
 27337 | D:12     | Killed Frances
 27648 | Orc:1    | Killed Fannar
 27807 | Orc:1    | Noticed Snorg
 27821 | Orc:1    | Killed Snorg
 28150 | Orc:2    | Entered Level 2 of the Orcish Mines
 28520 | Snake:1  | Entered Level 1 of the Snake Pit
 28748 | Swamp:1  | Entered Level 1 of the Swamp
 29208 | Swamp:1  | Reached XP level 15. HP: 60/165 MP: 27/30
 29353 | Swamp:1  | Reached skill level 1 in Armour
 29589 | Swamp:1  | Mangled by an alligator

Skill      XL: |  1  2  3  4  5  6  7  8  9 10 11 12 13 14 15 |
---------------+----------------------------------------------+-----
Transmutations | 2 3 4 6 7 8 9 10 | 10.0
Fighting       | 2 3 4 6 8 9 10 11 12 13 14 | 14.9
Unarmed Combat | 3 4 6 7 8 9 10 11 | 11.3
Poison Magic   | 1 2 |  2.0
Dodging        | 2 3 5 6 7 8 9 10 | 10.6
Spellcasting   | 3 6 7 8 9 10 11 | 11.3
Evocations     | 2 4 5 7 |  7.1
Armour         | 1 |  1.3

Action                   |  1- 3 |  4- 6 |  7- 9 | 10-12 | 13-15 || total
-------------------------+-------+-------+-------+-------+-------++-------
Melee: Unarmed           |    82 |   169 |   518 |   602 |   558 ||  1929
       Kick              |     4 |     7 |     3 |       |       ||    14
       Punch             |     1 |     2 |     5 |       |       ||     8
       Headbutt          |       |       |     1 |       |       ||     1
 Cast: Beastly Appendage |    10 |     1 |     4 |     2 |       ||    17
       Sticks to Snakes  |     3 |    10 |     4 |       |       ||    17
       Spider Form       |       |    15 |    53 |    42 |     2 ||   112
       Blade Hands       |       |       |       |    23 |    63 ||    86
Invok: Sacrifice Experie |       |       |     1 |       |       ||     1
       Sacrifice a Hand  |       |       |     1 |       |       ||     1
       Sacrifice Love    |       |       |       |     1 |       ||     1
       Apocalypse        |       |       |       |     1 |     4 ||     5
       Sacrifice Stealth |       |       |       |     1 |       ||     1
 Abil: End Transformatio |       |       |       |     1 |       ||     1
Evoke: Wand              |       |       |       |    26 |    17 ||    43
       Lamp of fire      |       |       |       |     1 |     1 ||     2
  Use: Potion            |     3 |     1 |     2 |     5 |     1 ||    12
       Scroll            |       |     7 |    10 |     7 |     4 ||    28
 Stab: Distracted        |       |     2 |       |     3 |     1 ||     6
       Sleeping          |       |       |     1 |     1 |       ||     2
       Invisible         |       |       |     1 |     4 |     3 ||     8
       Paralysed         |       |       |       |     7 |    17 ||    24
       Petrified         |       |       |       |     3 |       ||     3
       Petrifying        |       |       |       |     1 |       ||     1
  Eat: Chunk             |     4 |     6 |    19 |    36 |    37 ||   102
       Ration            |       |     1 |     3 |       |     2 ||     6
Armor: Robe              |    25 |    18 |    45 |    37 |    98 ||   223
       Skin              |     2 |    12 |    12 |    13 |       ||    39
       Swamp dragon scal |       |       |       |       |    14 ||    14
Dodge: Dodged            |    51 |    84 |   369 |   337 |   299 ||  1140
